 Dungeon Crawl Stone Soup version 0.31-a0-543-geaa9c7a2c0 (webtiles) character file.

Game seed: 6356144673896784563

107 JackS81 the Ruffian (level 4, -7/52 HPs)
             Began as a Demigod Shapeshifter on Aug 15, 2023.
             Mangled by Edmund
             ... wielding a +6 heavy dire flail
              (20 damage)
             ... on level 4 of the Dungeon.
             The game lasted 00:12:28 (2875 turns).

JackS81 the Ruffian (Demigod Shapeshifter)          Turns: 2875, Time: 00:12:28

Health: -7/52      AC: 22    Str: 20    XL:     4   Next: 32%
Magic:  6/6        EV:  2    Int: 10    God:
Gold:   255        SH:  0    Dex: 20    Spells: 3/3 levels left

rFire   + . .        z - +0 hand axe
rCold   . . .        (no shield)
rNeg    . . .        j - melded +0 leather armour
rPois   +            i - melded +0 helmet
rElec   .            (cloak currently unavailable)
rCorr   .            (gloves currently unavailable)
SInv    .            e - melded +0 pair of boots
Will    .....        u - amulet of regeneration
Stlth   ++           f - ring of protection from fire
HPRegen 1.08/turn    m - +6 ring of dexterity
MPRegen 0.10/turn

%: no passive effects
@: tree-form
A: stationary, stasis, torment immunity, boosted hp, high MP 1, forlorn, divine
attributes
a: no special abilities


You were on level 4 of the Dungeon.
You were a tree.
You visited 1 branch of the dungeon, and saw 4 of its levels.

You collected 255 gold pieces.

Inventory:

Hand Weapons
 z - a +0 hand axe (weapon)
 F - a +0 short sword
Missiles
 x - 14 poisoned darts (quivered)
 y - 2 boomerangs
 A - 25 stones
Armour
 a - a +0 animal skin
 e - a +0 pair of boots (melded)
 i - a +0 helmet (melded)
 j - a +0 leather armour (melded)
 C - a +0 chain mail
Jewellery
 f - a ring of protection from fire (left branch)
 m - a +6 ring of dexterity (right branch)
 q - a ring of fire
 u - an amulet of regeneration (around neck)
 D - a ring of see invisible
Talismans
 c - a beast talisman
 d - a flux talisman
 r - a flux talisman
Scrolls
 h - 4 scrolls of identify {unknown}
 l - a scroll of immolation {unknown}
 o - a scroll of poison {unknown}
 t - 2 scrolls of teleportation {unknown}
 w - a scroll of torment {unknown}
Potions
 b - 2 potions of lignification
 g - a potion of might {unknown}
 k - a potion of mutation {unknown}
 n - 2 potions of berserk rage {unknown}
 p - a potion of resistance {unknown}
 s - 2 potions of haste {unknown}
 v - 3 potions of curing {unknown}
 B - a potion of enlightenment {unknown}
 E - a potion of invisibility {unknown}


   Skills:
 * Level 1.0 Fighting
 * Level 0.1 Axes
 - Level 1.7 Dodging
 - Level 4.1 Unarmed Combat
 * Level 3.3 Shapeshifting


You had 3 spell levels left.
You didn't know any spells.
Your spell library contained the following spells:

 Spells                   Type           Power      Damage    Failure   Level
 Freeze                   Ice            0%         1d3       36%         1
 Necrotise                Necr           0%         1d4       36%         1
 Cigotuvi's Dreadful Rot  Necr/Pois/Air  0%         N/A       50%         2
 Frozen Ramparts          Ice            0%         1d1       75%         3
 Hailstorm                Conj/Ice       0%         3d3       75%         3
 Ignite Poison            Fire/Tmut/Pois 0%         N/A       75%         3
 Vampiric Draining        Necr           0%         2d6       75%         3
 Agony                    Necr           0%         N/A       100%        5
 Freezing Cloud           Conj/Ice/Air   0%         6-21      100%        5


Dungeon Overview and Level Annotations

Branches:
Dungeon (4/15)
 Temple: D:4-7

Shops:
D:4 :

Annotations:
D:3 3 runed translucent doors, gergalisaous's ghost, amateur DsGl
D:4 Edmund


Innate Abilities, Weirdness & Mutations

You are a tree.
Your roots penetrate the ground, keeping you stationary.
You cannot be teleported.
You are immune to unholy pain and torment.
Your maximum health is greatly increased.
Your equipment is partially melded.
You have an increased reservoir of magic. (+10% MP)
You shall have no god before yourself.
Your divine heritage dramatically boosts your attributes as you level up.


Message History

You hit Edmund but do no damage.
Edmund is lightly wounded.
You hit the orc.
You kill the orc!
Edmund barely misses you.
You hit Edmund but do no damage.
Edmund is lightly wounded.
Edmund hits you but does no damage.
You hit Edmund but do no damage.
Edmund is lightly wounded.
Edmund hits you with a +6 heavy dire flail!
You hit Edmund but do no damage.
Edmund is lightly wounded.
Edmund says, "I'm quite good with sums, too."
Edmund hits you with a +6 heavy dire flail!!
You hit Edmund but do no damage.
Edmund is lightly wounded.
Edmund hits you but does no damage.
You hit Edmund but do no damage.
Edmund is lightly wounded.
You barely miss Edmund.
Edmund is lightly wounded.
Edmund hits you with a +6 heavy dire flail!
* * * LOW HITPOINT WARNING * * *
You hit Edmund but do no damage.
Edmund hits you with a +6 heavy dire flail!
* * * LOW HITPOINT WARNING * * *
You hit Edmund.
Edmund is lightly wounded.
Edmund hits you but does no damage.
You barely miss Edmund.
Edmund is lightly wounded.
Edmund hits you but does no damage.
You hit Edmund.
Edmund is lightly wounded.
Edmund completely misses you.
You barely miss Edmund.
Edmund is lightly wounded.
Edmund hits you with a +6 heavy dire flail!!
You die...

#.# #.# ... ..#
#.# ##.## #.#
#...
###.###..####
...........
#.###.(#######.#
#......)♣@..<..#
##)#..########.#
#.#..# #. #.#..#
#. #.#..# #.
#.#...
###.##.#$###
.....#.#.#
#.##.#.#.B


You could see Edmund.

Vanquished Creatures
  2 adders (D:3)
  2 adder zombies (D:3)
  A worm (D:3)
  2 dart slugs (D:3)
  5 orcs
  6 endoplasms
  4 giant cockroaches
  11 goblins
  7 hobgoblins
  2 jackals (D:2)
  2 quokkas (D:1)
  5 ball pythons
  6 bats
  2 frilled lizards
  3 kobolds
  4 rats
64 creatures vanquished.

Notes
Turn   | Place    | Note
-------+----------+-------------------------------------------
     0 | D:1      | JackS81 the Demigod Shapeshifter began the quest for the
                  | Orb.
     0 | D:1      | Reached XP level 1. HP: 15/15 MP: 3/3
   276 | D:1      | Reached skill level 3 in Unarmed Combat
   276 | D:1      | Reached XP level 2. HP: 21/22 MP: 4/4
  1148 | D:2      | Reached XP level 3. HP: 27/27 MP: 5/5
  1628 | D:3      | Found a runed translucent gate.
  1628 | D:3      | Found a runed translucent gate.
  1628 | D:3      | Found a runed translucent gate.
  1628 | D:3      | Noticed gergalisaous's ghost (amateur DsGl)
  1950 | D:3      | Reached skill level 4 in Unarmed Combat
  1950 | D:3      | Reached XP level 4. HP: 29/34 MP: 6/6
  2435 | D:3      | Reached skill level 1 in Fighting
  2702 | D:4      | Found Imufur's Vocational Training.
  2855 | D:4      | Noticed Edmund
  2875 | D:4      | Mangled by Edmund

Illustrated notes

Levels and vault maps discovered:
D:1:      dpeg_chamrin_arrival_tetris, layout_basic, roderic_roman_lattice
D:2:      layout_basic, basic_altar, hex_intersection, kennysheep_generic_room_4
D:3:      layout_basic, nicolae_yredelemnul_ghost_church, minmay_starry_boxes
D:4:      layout_loops_ring, mainiacjoe_overflow_alcove_4,
          kennysheep_decorative_pillar, nicolae_shop_vocational, uniq_edmund

Skill      XL: |  1  2  3  4 |
---------------+-------------+-----
Unarmed Combat | 3 4 |  4.1
Shapeshifting  | 3 |  3.3
Fighting       | 1 |  1.0
Axes           | |  0.1
Dodging        | |  1.7

Action                     |  1- 3 |  4- 6 || total
---------------------------+-------+-------++-------
  Melee: Unarmed           |   144 |    25 ||   169
         Punch             |     2 |     1 ||     3
         Hand axe          |       |    34 ||    34
Ability: Begin Untransform |     1 |       ||     1
    Use: Potion            |       |     1 ||     1
   Stab: Sleeping          |     5 |     1 ||     6
 Armour: Animal skin       |    13 |       ||    13
         Leather armour    |     4 |     5 ||     9
         Skin              |       |    10 ||    10
  Dodge: Dodged            |   105 |    23 ||   128
   Form: Beast             |     1 |       ||     1

Table legend: (Time is in decaauts)
 A = Elapsed time spent in this place.
 B = Non-inter-level travel time spent in this place.
 C = Inter-level travel time spent in this place.
 D = Time resting spent in this place.
 E = Time spent auto-exploring this place.
 F = Levels seen in this place.
 G = Mean time per level.
                   A        B        C        D        E       F      G
               +--------+--------+--------+--------+--------+-----+--------+
         Total |   2871 |   2752 |    119 |      0 |   2154 |   4 |  717.8 |
       Dungeon |   2871 |   2752 |    119 |      0 |   2154 |   4 |  717.8 |
               +--------+--------+--------+--------+--------+-----+--------+

Top non-repeatable levels by time:
     D:3: 1050 daAuts
     D:2: 765 daAuts
     D:1: 757 daAuts
     D:4: 298 daAuts
